 Dungeon Crawl Stone Soup version 0.20-a0-842-g939b552 (webtiles) character file.

56 M4edhros the Sneak (level 3, -6/23 HPs)
             Began as an Octopode Artificer on Mar 9, 2017.
             Mangled by Sigmund
             ... wielding a +0 scythe
              (13 damage)
             ... on level 2 of the Dungeon.
             The game lasted 00:01:09 (747 turns).

M4edhros the Sneak (Octopode Artificer)              Turns: 747, Time: 00:01:10

Health: -6/23      AC:  1    Str: 11    XL:     3   Next: 97%
Magic:  5/5        EV: 19    Int: 18    God:
Gold:   16         SH:  0    Dex: 18    Spells: 2/2 levels left

rFire    . . .     SeeInvis .   a - +0 short sword
rCold    . . .     Gourm    .   (no shield)
rNeg     . . .     Faith    .   (helmet restricted)
rPois    .         Spirit   .   (no amulet)
rElec    .         Reflect  .   (no ring)
rCorr    .         Harm     .   (no ring)
MR       .....                  (no ring)
Stlth    +++++.....             (no ring)
Regen    0.1/turn               (no ring)
MPRegen  0.1/turn               (no ring)
                                (no ring)
                                (no ring)

@: brilliant, agile
A: almost no armour, stealthy swim, amphibious, 8 rings, constrict 8, camouflage
1, gelatinous body 1
a: no special abilities


You were on level 2 of the Dungeon.
You were not hungry.

You visited 1 branch of the dungeon, and saw 2 of its levels.

You collected 16 gold pieces.

Inventory:

Hand Weapons
 a - a +0 short sword (weapon)
Missiles
 m - 11 sling bullets
 n - 44 stones (quivered)
Wands
 b - a wand of flame (14/48)
 c - a wand of enslavement (14/24)
 d - a wand of random effects (15/48)
Scrolls
 g - a scroll of magic mapping {unknown}
 h - 2 scrolls of remove curse {unknown}
 k - a scroll of fog {unknown}
 l - a scroll of identify {unknown}
Potions
 o - 2 potions of magic
Comestibles
 f - a bread ration
 i - a meat ration


   Skills:
 - Level 1.0 Fighting
 - Level 1.0 Short Blades
 - Level 2.0 Dodging
 + Level 5.3 Stealth
 - Level 3.2 Evocations


You had 2 spell levels left.
You didn't know any spells.

Dungeon Overview and Level Annotations

Branches:
Dungeon (2/15)

Altars:
Trog

Annotations:
D:2 Sigmund


Innate Abilities, Weirdness & Mutations

You cannot wear most types of armour.
You are very stealthy in the water. (Stealth+)
You are amphibious.
You can wear up to eight rings at the same time.
You can use your tentacles to constrict eight enemies at once.
Your skin changes colour to match your surroundings (Stealth+).
Your rubbery body absorbs attacks. (AC +1, EV +1)


Message History

Okay, then.
Are you sure you want to stumble around while confused and next to your adder?
Are you sure you want to stumble around while confused and next to your adder?
Uppercase [Y]es or [N]o only, please.
Are you sure you want to stumble around while confused and next to your adder?
Are you sure you want to stumble around while confused and next to your adder?
Are you sure you want to stumble around while confused and next to your adder?
Are you sure you want to stumble around while confused and next to your adder?
You bump into the rock wall.
Are you sure you want to stumble around while confused and next to your adder?
You feel less confused. What are your orders? t - Shout!
Orders for allies: a - Attack new target. r - Retreat! s - Stop attacking. g - Guard the area. f - Follow me.
Anything else - Cancel.
Guard this area!
Something hits you!
Ouch! That really hurt!
You die...

#.# .. # ... #.# .
# ..######.# #
.........#
#..#####.# #. #.#
#.#####'########
#..#...........#
#@#...........#
#S#........$..# #
#.#...........# #
#.............# #
##.##...%.......##
#..#...........##
##.#...........##
.............##
##............##


You could see a friendly adder (wandering).

Vanquished Creatures
  Jessica (D:2)
  An ooze (D:1)
  A dart slug (D:2)
  A leopard gecko (D:1)
  A ball python (D:2)
  A giant cockroach (D:2)
  3 goblins
  2 hobgoblins (D:1)
  3 kobolds
  A quokka (D:2)
  2 bats (D:2)
  2 frilled lizards
  4 rats
23 creatures vanquished.

Notes
Turn   | Place    | Note
-------+----------+-------------------------------------------
     0 | D:1      | M4edhros the Octopode Artificer began the quest for the Orb.
     0 | D:1      | Reached XP level 1. HP: 13/13 MP: 3/3
   116 | D:1      | Reached skill level 2 in Stealth
   116 | D:1      | Reached XP level 2. HP: 18/18 MP: 4/4
   128 | D:1      | Reached skill level 3 in Stealth
   435 | D:2      | Found a bloodstained altar of Trog.
   488 | D:2      | Reached skill level 4 in Stealth
   547 | D:2      | Noticed Jessica
   559 | D:2      | Reached XP level 3. HP: 14/23 MP: 5/5
   562 | D:2      | Killed Jessica
   562 | D:2      | Reached skill level 5 in Stealth
   718 | D:2      | Noticed Sigmund
   747 | D:2      | Mangled by Sigmund

Vault maps used:
D:1:      noname_arrival_rooms_in_the_neighbourhood, minmay_distorted
D:2:      lemuel_doored_altar, uniq_jessica, uniq_sigmund

Skill      XL: |  1  2  3 |
---------------+----------+-----
Stealth        | 2 4 5 |  5.3
Fighting       | |  1.0
Short Blades   | |  1.0
Dodging        | |  2.0
Evocations     | |  3.2

Action                   || total
-------------------------++-------
Melee: Short sword       ||    41
       Tentacles         ||     8
       Constrict         ||    10
Evoke: Wand              ||     2
  Use: Potion            ||     3
 Stab: Sleeping          ||    12
Armor: Skin              ||     3
Dodge: Dodged            ||    13
